Description

Classics Glaive rush vs. Dark

Build Order

Get SALT Encoding   

  14  0:19  Pylon  
  16  0:37  Gateway  
  17  0:47  Assimilator  
  20  1:23  Nexus  
  21  1:37  Cybernetics Core  
  22  1:46  Assimilator  
  23  1:53  Pylon  
  26  2:15  Adept (Chrono Boost)  
  27  2:22  Stargate  
  27  2:32  Warp Gate  
  30  2:36  Adept  
  39  3:05  Oracle  
  39  3:10  Pylon  
  43  3:16  Adept  
  43  3:21  Gateway  
  48  3:33  Oracle  
  50  3:49  Nexus  
  50  3:53  Pylon  
  50  4:03  Twilight Council  
  50  4:08  Assimilator x2  
  50  4:15  Gateway x2  
  52  4:22  Adept x2  
  56  4:25  Pylon  
  58  4:41  Resonating Glaives  
  58  4:45  Adept x2  
  64  4:49  Pylon  
  64  4:56  Robotics Facility  
  67  5:09  Adept x4  
  78  5:20  Shield Battery  
  81  5:35  Adept x4  
  87  5:45  Pylon x2  
  87  5:58  Adept x4  
  96  6:05  Pylon  
  100  6:06  Immortal  
  100  6:14  Shield Battery  
  100  6:19  Adept x4  
  109  6:30  Shield Battery, Pylon  
  120  6:55  Forge  
  123  7:08  Gateway x2  
  123  7:15  Templar Archives, Charge  
  124  7:19  Gateway x2, Assimilator x2  
  130  7:25  Sentry x4  
  137  7:33  Protoss Ground Weapons Level 1  
  145  7:58  Psionic Storm  
  151  8:05  High Templar x2  
  157  8:55  Nexus  
  163  9:00  Robotics Facility  
  163  9:10  High Templar x4, Archon x2  
Spawning Tool Build Advisor. Get it on Overwolf

Go to:

Details

  • Created by: TDFlip
  • Published on: Jul 08, 2024
  • Modified on: Jul 08, 2024
  • Patch: 5.0.11
  • Difficulty: Easy
Show
View Real Time Build Order
Export as new Build Order

Comments (0)

There are no comments. Be the first!

Create an account to comment!